Map: Zenith

Players

CBagRun

  • Race: Zerg Zerg
  • Spawn Location: 12:00

couchman

  • Race: Terran Terran
  • Spawn Location: 11:00

HORSES

  • Race: Zerg Zerg
  • Spawn Location: 5:00

SneakyWolfe

  • Race: Terran Terran
  • Spawn Location: 9:00

Ecrotoss

  • Race: Protoss Protoss
  • Spawn Location: 5:00

VOD

Have the link to the VOD?

Description

Time

  • Played on: Dec. 12, 2021, 10:18 p.m.
  • Length: 12:38
Show
View Real Time Build Order
Export as new Build Order

CBagRun Zerg 

Build Orders: Pool First 

Get SALT Encoding   

  12  0:01  Drone  
  13  0:13  Drone  
  14  0:27  Overlord  
  14  0:48  Drone x2  
  16  0:56  Spawning Pool  
  15  1:00  Extractor  
  15  1:03  Drone  
  15  1:04  Extractor, Drone  
  15  1:15  Drone  
  16  1:34  Drone  
  16  1:35  Drone  
  18  1:43  Drone  
  19  1:48  Queen  
  21  2:02  Drone  
  22  2:09  Overlord  
  22  2:27  Queen  
  24  2:31  Zergling x4  
  24  2:33  Hatchery  
  25  2:48  Zergling x4  
  27  2:55  Metabolic Boost  
  27  3:02  Drone x3  
  30  3:09  Overlord  
  30  3:33  Roach Warren  
  29  3:52  Drone  
  30  4:10  Drone x3  
  33  4:26  Drone x3  
  36  4:36  Extractor  
  35  4:46  Drone x4  
  39  4:52  Extractor  
  39  4:56  Roach  
  39  4:57  Roach x2  
  44  5:00  Overlord  
  44  5:03  Overlord  
  44  5:04  Overlord  
  44  5:14  Overlord  
  44  5:15  Overlord x2  
  44  5:19  Overlord x2  
  44  5:33  Hatchery  
  43  5:40  Drone x4  
  43  5:41  Drone  
  48  5:50  Roach x2  
  48  5:51  Roach x4  
  60  6:02  Lair  
  60  6:19  Ravager  
  60  6:20  Ravager x2  
  60  6:24  Zergling x2  
  64  6:27  Zergling x6  
  64  6:32  Roach x3  
  73  6:55  Evolution Chamber  
  72  7:04  Drone  
  72  7:05  Drone  
  74  7:17  Queen  
  74  7:20  Roach x2  
  80  7:25  Zergling x4  
  80  7:26  Zergling x6  
  85  7:35  Drone x2  
  87  7:49  Spire  
  86  7:55  Drone x2  
  86  7:56  Drone x3  
  91  8:06  Roach x3  
  91  8:10  Overlord  
  91  8:11  Overlord x2  
  97  8:13  Overlord x2  
  97  8:20  Overlord  
  97  8:41  Roach x3  
  103  8:44  Zergling x6  
  103  8:45  Zergling x2  
  107  9:21  Corruptor x2  
  107  9:22  Corruptor x3  
  117  9:25  Corruptor x4  
  117  9:28  Corruptor  
  117  9:29  Corruptor x6  
  117  9:30  Corruptor  
  141  9:48  Drone x3  
  141  9:51  Overlord x2  
  141  9:52  Overlord  
  144  9:57  Zerg Flyer Armor Level 1  
  144  10:08  Infestation Pit  
  143  10:33  Drone  
  143  10:34  Drone x2  
  146  10:38  Queen  
  148  10:45  Corruptor x5  
  148  10:46  Corruptor x2  
  162  10:51  Corruptor x2  
  166  11:03  Extractor  
  165  11:06  Extractor  
  165  11:07  Drone x2  
  166  11:13  Drone x2  
  168  11:37  Drone x4  
  172  12:14  Roach x3  
Show
View Real Time Build Order
Export as new Build Order

couchman Terran 

Build Orders: Command Center First (CC) 

Get SALT Encoding   

  12  0:00  SCV  
  13  0:14  SCV  
  14  0:23  Supply Depot  
  14  0:29  SCV  
  15  0:44  SCV  
  16  0:52  Refinery  
  16  0:56  SCV  
  17  1:09  SCV  
  18  1:12  Command Center  
  18  1:21  SCV  
  19  1:33  SCV  
  20  1:45  SCV  
  21  1:47  Barracks  
  21  1:57  SCV  
  22  2:09  SCV  
  22  2:10  Supply Depot  
  23  2:20  Refinery  
  23  2:28  SCV  
  24  2:33  Supply Depot  
  24  2:38  Barracks Tech Lab  
  24  2:40  SCV  
  24  2:42  Factory  
  25  2:47  SCV  
  26  2:52  SCV  
  26  2:57  Marine  
  28  2:59  SCV  
  28  3:01  Supply Depot  
  29  3:10  SCV  
  29  3:11  SCV  
  31  3:15  Marine  
  32  3:23  SCV  
  33  3:27  Supply Depot  
  33  3:33  Marine  
  34  3:35  SCV  
  34  3:37  Orbital Command  
  35  3:47  SCV  
  36  3:49  Starport  
  36  3:50  Supply Depot  
  36  3:51  Marine  
  37  3:56  Combat Shield, Engineering Bay  
  37  4:02  SCV  
  38  4:07  Refinery  
  38  4:08  Marine  
  38  4:09  SCV  
  40  4:12  Supply Depot  
  40  4:14  SCV  
  41  4:23  SCV  
  42  4:26  SCV, Marine  
  44  4:32  Medivac  
  44  4:35  SCV  
  44  4:36  Widow Mine  
  44  4:38  SCV  
  50  4:44  Marine, Armory  
  51  4:45  Terran Infantry Weapons Level 1  
  51  4:47  SCV  
  52  4:53  SCV  
  52  4:59  SCV  
  54  5:02  Marine, Medivac  
  54  5:05  SCV  
  58  5:11  SCV  
  59  5:16  Widow Mine  
  59  5:17  SCV  
  59  5:20  Marine  
  63  5:22  Refinery  
  63  5:29  SCV  
  64  5:35  Fusion Core  
  64  5:36  Medivac  
  64  5:37  Marine  
  67  5:52  Terran Vehicle Weapons Level 1  
  67  5:55  Marine  
  68  6:04  SCV  
  68  6:06  Medivac  
  68  6:07  SCV  
  72  6:13  Marine  
  72  6:17  SCV  
  72  6:18  Barracks  
  74  6:19  SCV  
  75  6:26  Barracks  
  75  6:27  Weapon Refit  
  75  6:29  SCV  
  75  6:31  SCV  
  77  6:41  SCV  
  77  6:43  SCV  
  79  6:49  Bunker  
  79  6:51  Bunker  
  79  6:53  SCV  
  80  6:54  Bunker  
  80  6:55  SCV  
  80  7:28  Supply Depot  
  80  7:51  Bunker  
  80  7:52  Supply Depot  
  80  8:04  Command Center  
  80  8:06  Barracks  
  80  8:07  Barracks  
  80  8:08  Barracks  
  80  8:11  Refinery  
  80  8:14  Missile Turret  
  80  8:15  Supply Depot  
  80  8:25  Barracks Reactor  
  80  8:30  Marine  
  80  8:32  Barracks Reactor  
  81  8:38  Supply Depot  
  81  8:48  Marine  
  81  9:05  Marine  
  82  9:23  Marine  
  82  9:39  SCV  
  83  9:47  Barracks Reactor  
  83  9:49  Barracks Reactor  
  83  9:51  SCV  
  84  9:56  Barracks Reactor  
  84  10:03  SCV  
  85  10:16  SCV  
  86  10:26  Marine x4  
  86  10:27  Marine  
  86  10:28  SCV  
  92  10:29  Stimpack  
  92  10:34  Terran Ship Weapons Level 1  
  92  10:35  Starport Tech Lab  
  92  10:40  SCV, Missile Turret  
  93  10:44  Marine x5  
  98  10:50  Missile Turret  
  98  10:52  SCV  
  98  10:54  Marine x5, Missile Turret  
  98  10:55  Marine  
  105  11:02  Marine x2  
  107  11:04  SCV  
  108  11:12  Marine x6  
  104  11:29  Marine  
  104  11:30  Marine x2  
  107  11:33  Marine x3  
  116  11:47  Marine x2  
  116  11:48  Marine  
  116  11:51  Marine x3  
  122  11:54  Marine x4  
  122  11:55  Marine  
  122  11:57  SCV  
  128  12:05  Marine x3  
  131  12:09  Marine x2  
Show
View Real Time Build Order
Export as new Build Order

HORSES Zerg 

Build Orders: Pool Only 

Get SALT Encoding   

  12  0:51  Drone x2  
  12  0:54  Overlord  
  14  1:05  Spawning Pool  
  13  1:17  Drone x2  
  15  1:36  Drone x2  
  17  1:50  Extractor  
  17  1:53  Drone  
  17  1:55  Queen  
  19  2:19  Drone  
  19  2:20  Drone x2  
  22  2:41  Overlord  
  22  2:53  Overlord  
  22  3:18  Drone  
  23  3:22  Zergling x8  
  27  3:39  Zergling x2  
  28  3:44  Zergling x6  
  31  3:50  Metabolic Boost  
  31  4:02  Drone  
  32  4:20  Extractor  
  32  4:21  Drone  
  32  4:23  Drone x2  
  34  4:26  Zergling x2  
  34  4:29  Overlord  
  35  4:37  Lair  
  35  5:07  Overlord x6  
  35  5:44  Drone x3  
  35  5:45  Drone  
  39  6:07  Evolution Chamber  
  39  6:10  Evolution Chamber  
  37  6:14  Roach Warren  
  36  6:21  Spire  
  36  6:40  Zergling x12  
  41  6:47  Queen  
  43  6:57  Zerg Ground Armor Level 1, Zerg Melee Weapons Level 1  
  43  6:58  Glial Reconstitution  
  43  7:28  Roach x3  
Show
View Real Time Build Order
Export as new Build Order

SneakyWolfe Terran 

Build Orders:  

Get SALT Encoding   

  12  1:08  Refinery  
  12  1:18  Supply Depot  
  13  1:35  SCV  
  13  1:47  SCV  
  14  1:55  Barracks  
  14  2:42  Engineering Bay  
  14  2:55  Marine  
  15  3:11  Terran Infantry Weapons Level 1  
  15  3:13  Marine  
  16  3:25  Refinery  
  16  3:31  Marine  
  17  3:49  Reaper  
  18  4:21  Marine  
  19  5:02  SCV  
  20  5:12  Terran Infantry Armor Level 1  
  20  5:15  SCV  
  21  5:41  Supply Depot  
  21  5:48  Refinery  
  21  6:07  Barracks Tech Lab  
  21  6:57  SCV  
  22  7:06  Hi-Sec Auto Tracking  
  22  7:09  SCV  
  19  7:21  SCV  
  20  7:28  Marauder  
  22  7:33  Combat Shield  
  22  7:40  SCV  
  23  7:50  Marauder  
  25  7:52  SCV  
  26  8:03  Neosteel Armor  
  26  8:10  Marine  
  26  8:12  Command Center  
  27  8:28  Marine  
  28  8:46  Marine  
  29  8:52  Stimpack  
  29  9:09  Marauder  
  30  9:30  Marine  
  31  9:43  Engineering Bay  
  31  9:48  Marine  
  31  9:51  Barracks  
  32  10:06  Marine  
  33  10:24  Marine  
  34  10:32  Concussive Shells  
  34  10:41  Marine  
  35  10:54  Barracks Tech Lab  
  35  10:59  Marine  
  36  11:11  Ghost Academy  
  36  11:17  Marine  
  37  11:20  Factory, SCV  
  39  11:32  SCV  
  39  11:35  Marauder, Marine  
  42  11:45  SCV  
  43  11:53  Marine  
  44  11:56  Marauder  
  46  12:22  Supply Depot x2  
  46  12:23  Supply Depot  
  46  12:28  Supply Depot  
  46  12:32  Missile Turret  
  46  12:33  Missile Turret  
Show
View Real Time Build Order
Export as new Build Order

Ecrotoss Protoss 

Build Orders: Double Forge 

Get SALT Encoding   

  12  0:00  Probe  
  13  0:12  Probe  
  14  0:24  Probe  
  14  0:26  Assimilator  
  15  0:34  Pylon  
  15  0:44  Pylon  
  15  0:49  Pylon  
  15  0:52  Probe  
  16  1:04  Probe  
  17  1:15  Assimilator  
  17  1:23  Probe  
  18  1:32  Gateway  
  18  1:35  Probe  
  18  1:37  Forge  
  19  1:46  Gateway  
  19  1:50  Pylon  
  19  1:57  Probe  
  20  2:10  Probe  
  21  2:22  Cybernetics Core, Probe  
  22  2:27  Photon Cannon  
  22  2:34  Probe  
  23  2:46  Probe  
  24  2:57  Nexus  
  24  3:02  Pylon  
  24  3:09  Assimilator  
  24  3:13  Probe  
  24  3:19  Zealot  
  27  3:25  Probe  
  27  3:26  Sentry  
  30  3:30  Protoss Ground Weapons Level 1  
  30  3:37  Pylon  
  30  3:50  Stalker  
  30  3:53  Stalker  
  34  4:08  Forge  
  34  4:10  Forge  
  34  4:14  Gateway  
  34  4:21  Probe  
  35  4:30  Warp Gate  
  35  4:33  Probe  
  36  4:45  Probe  
  37  4:47  Pylon  
  37  4:50  Pylon  
  37  4:53  Gateway  
  37  4:56  Gateway  
  37  5:01  Photon Cannon  
  37  5:15  Photon Cannon  
  37  5:19  Gateway  
  37  5:23  Probe  
  38  5:31  Zealot  
  38  5:32  Zealot  
  38  5:35  Probe  
  43  5:47  Probe  
  43  5:48  Protoss Ground Armor Level 1  
  43  5:49  Protoss Shields Level 1  
  44  5:59  Probe  
  44  6:00  Robotics Facility  
  45  6:11  Probe  
  46  6:22  Stalker  
  46  6:23  Stalker, Probe  
  46  6:25  Zealot x2  
  55  6:31  Sentry  
  57  6:35  Probe  
  58  6:48  Probe  
  58  6:49  Robotics Bay  
  58  6:54  Warp Prism  
  61  7:15  Photon Cannon  
  61  7:17  Photon Cannon  
  61  7:21  Photon Cannon  
  61  7:30  Observer  
  62  7:43  Zealot x3  
  64  7:44  Zealot  
  66  7:51  Observer  
  63  9:07  Twilight Council  
  53  10:13  Probe  
  54  10:24  Blink  
  54  10:25  Probe  
  55  10:37  Probe  
  56  10:48  Stalker  
  56  10:49  Stalker x2, Probe  
  63  10:52  Zealot x3  
  69  11:01  Probe, Gateway  
  70  11:06  Gateway  
  70  11:09  Gateway  
  64  11:39  Probe  
  65  11:51  Probe  
  66  12:03  Probe  
  66  12:06  Nexus  
  67  12:10  Assimilator  
  67  12:15  Probe, Assimilator  
Tags
 
Add a new tag
Caveats
  • Supply blocks, unpowered buildings, or Contaminate may cause inaccurate times.
  • Supply counts are checked every 10 seconds.